 Dungeon Crawl Stone Soup version 0.27.1-34-g3ba077fa99 (webtiles) character file.

Game seed: 7521726824328343159

263 Delamore the Covert (level 6, -3/39 HPs)
             Began as an Octopode Brigand on Feb 8, 2022.
             Splashed by a jelly's acid (9 damage)
             ... on level 3 of the Dungeon.
             The game lasted 00:01:51 (2127 turns).

Delamore the Covert (Octopode Brigand)              Turns: 2127, Time: 00:01:52

Health: -3/39      AC: -7    Str: 10    XL:     6   Next: 19%
Magic:  6/6        EV: 13    Int: 14    God:
Gold:   143        SH:  0    Dex: 21    Spells: 5/5 levels left

rFire    . . .     SeeInvis .   e - +2 short sword (freeze)
rCold    . . .     Faith    .   (no shield)
rNeg     . . .     Spirit   .   (helmet restricted)
rPois    .         Reflect  .   (no amulet)
rElec    .         Harm     .   i - +6 ring of dexterity
rCorr    .         Rampage  .   (no ring)
Will     .....                  (no ring)
Stlth    +++++.....             (no ring)
HPRegen  0.13/turn              (no ring)
MPRegen  0.10/turn              (no ring)
                                (no ring)
                                (no ring)

@: corroded
A: almost no armour, amphibious, 8 rings, camouflage 1, gelatinous body 1,
(nimble swimmer 1), tentacles
a: no special abilities


You were on level 3 of the Dungeon.
You visited 1 branch of the dungeon, and saw 3 of its levels.

You collected 143 gold pieces.

Inventory:

Hand Weapons
 a - a +2 dagger
 e - a +2 short sword of freezing (weapon)
 g - a +2 dagger of venom
 l - a +3 dagger
Missiles
 b - 8 poisoned darts (quivered)
 c - 2 curare-tipped darts
Jewellery
 i - a +6 ring of dexterity (left tentacle)
Scrolls
 d - a scroll of amnesia {unknown}
 f - a scroll of enchant armour
 h - a scroll of teleportation {unknown}
Potions
 j - a potion of curing {unknown}
 k - a potion of degeneration {unknown}


   Skills:
 - Level 2.0 Fighting
 + Level 4.6 Short Blades
 - Level 2.0 Throwing
 - Level 1.0 Dodging
 + Level 8.1 Stealth


You had 5 spell levels left.
You didn't know any spells.
Your spell library contained the following spells:

 Spells                   Type           Power      Damage    Failure   Level
 Blink                    Tloc           N/A        N/A       41%         2
 Lesser Beckoning         Tloc           0%         N/A       65%         3
 Manifold Assault         Tloc           0%         N/A       100%        5


Dungeon Overview and Level Annotations

Branches:
Dungeon (3/15)

Altars:
Trog

Shops:
D:2 [

Annotations:
D:3 1 transporter


Innate Abilities, Weirdness & Mutations

You cannot wear most types of armour.
You are amphibious.
You can wear up to eight rings at the same time.
Your skin changes colour to match your surroundings (Stealth+).
Your rubbery body absorbs attacks. (AC +1, EV +1)
((You are camouflaged near water. (Stealth+)))
You have tentacles for arms and can constrict up to eight enemies at once.


Message History

The jelly quivers.
A jelly is nearby!
A jelly is nearby!
The jelly hits you. The acid corrodes you!
You are splashed with acid!
You barely miss the jelly. You hit the jelly.
Your tentacles burn!
The jelly is lightly wounded.
The jelly hits you.
You are splashed with acid!
You are too injured to fight recklessly!
You are too injured to fight recklessly!
You are too injured to fight recklessly!
You are too injured to fight recklessly!
You are too injured to fight recklessly!
You are too injured to fight recklessly!
A jelly is nearby!
You hit the jelly but do no damage.
Your tentacles burn!
The jelly is lightly wounded.
The jelly closely misses you.
You barely miss the jelly.
The jelly is lightly wounded.
The jelly barely misses you.
You hit the jelly.
Your tentacles burn!
The jelly is lightly wounded.
Your +2 dagger of venom stops dripping with poison.
Your +2 short sword of freezing glows with a cold blue light!
e - a +2 short sword of freezing (weapon)
The jelly misses you.
You hit the jelly. You freeze the jelly. The acid corrodes you!
Your tentacles burn!
* * * LOW HITPOINT WARNING * * *
You squeeze the jelly, but do no damage.
The jelly is moderately wounded.
The jelly closely misses you.
You hit the jelly. You freeze the jelly.
Your tentacles burn!
* * * LOW HITPOINT WARNING * * *
The jelly is heavily wounded.
The jelly hits you.
* * * LOW HITPOINT WARNING * * *
You are splashed with acid!
You die...

#################
#...............#
#...#.###.###.#.#
###...# #.....#.#.##
.....###.#.#.###...
##.##...............##
#...J@..###.#.#.###...
#..####.#...#[#...#..#
#.......#.###.###.#..[
#.....................
.............##.###...
##.#####........####..
..>...................
####################..
#<.


You could see a jelly.

Vanquished Creatures
  Sigmund (D:2)
  Jessica (D:3)
  2 adders (D:2)
  2 worms (D:2)
  3 dart slugs (D:2)
  4 endoplasms
  4 giant cockroaches
  3 goblins (D:2)
  A hobgoblin (D:2)
  3 quokkas (D:1)
  5 ball pythons
  6 bats
  5 frilled lizards
  3 kobolds
  6 rats
  A spectral goblin (D:1)
50 creatures vanquished.

Notes
Turn   | Place    | Note
-------+----------+-------------------------------------------
     0 | D:1      | Delamore the Octopode Brigand began the quest for the Orb.
     0 | D:1      | Reached XP level 1. HP: 14/14 MP: 1/1
    28 | D:1      | Found a faded altar of an unknown god.
   171 | D:1      | Reached XP level 2. HP: 19/19 MP: 2/2
   760 | D:2      | Reached skill level 6 in Stealth
   960 | D:2      | Reached XP level 3. HP: 24/24 MP: 3/3
  1141 | D:2      | Found a bloodstained altar of Trog.
  1200 | D:2      | Noticed Sigmund
  1209 | D:2      | Killed Sigmund
  1210 | D:2      | Reached skill level 7 in Stealth
  1210 | D:2      | Reached XP level 4. HP: 23/29 MP: 4/4
  1210 | D:2      | Reached XP level 5. HP: 27/34 MP: 5/5
  1301 | D:2      | Found Kinloxats's Armour Boutique.
  1466 | D:2      | Reached XP level 6. HP: 29/39 MP: 6/6
  1833 | D:3      | Found a transporter.
  1834 | D:3      | Identified the +7 spear of Fury {chaos, +Blink}
  1977 | D:3      | Noticed Jessica
  1985 | D:3      | Killed Jessica
  1986 | D:3      | Reached skill level 8 in Stealth
  2127 | D:3      | Splashed by a jelly's acid

Illustrated notes

Levels and vault maps discovered:
D:1:      minmay_arrival_stair_chambers, layout_rooms,
          dreamdust_ecumenical_altar_drowned_temple
D:2:      layout_rooms, serial_shops, nicolae_lakefront_shop, basic_altar,
          uniq_sigmund
D:3:      layout_basic, gammafunk_ghost_gnarly_gnolls, minmay_misc_feat_roman,
          uniq_jessica, uniq_natasha

Skill      XL: |  1  2  3  4  5  6 |
---------------+-------------------+-----
Stealth        | 6 7 8 |  8.1
Short Blades   | 4 |  4.6
Fighting       | |  2.0
Throwing       | |  2.0
Dodging        | |  1.0

Action                   |  1- 3 |  4- 6 || total
-------------------------+-------+-------++-------
Melee: Dagger            |    18 |    37 ||    55
       Tentacles         |     8 |     7 ||    15
       Constrict         |     6 |     7 ||    13
       Short sword       |    30 |     2 ||    32
  Use: Scroll            |       |     1 ||     1
 Stab: Sleeping          |    16 |     7 ||    23
Armor: Skin              |     1 |     2 ||     3
Dodge: Dodged            |    22 |    22 ||    44
